 Dungeon Crawl Stone Soup version 0.28-a0-413-gde365fb1df (webtiles) character file.

Game seed: 4675291111131650093

60 wakim the Twirler (level 3, -13/31 HPs)
             Began as a Minotaur Gladiator on Sept 7, 2021.
             Mangled by an ogre (15 damage)
             ... on level 3 of the Dungeon.
             The game lasted 00:09:28 (3206 turns).

wakim the Twirler (Minotaur Gladiator)              Turns: 3206, Time: 00:09:29

Health: -13/31     AC:  7    Str: 19    XL:     3   Next: 80%
Magic:  2/2        EV: 10    Int: 11    God:
Gold:   123        SH:  0    Dex: 11    Spells: 2/2 levels left

rFire   . . .      SeeInvis .   a - +0 quarterstaff
rCold   . . .      Faith    .   (shield currently unavailable)
rNeg    + . .      Spirit   .   v - +1 scale mail of Trumpets {Harm Rampage rN+}
rPois   .          Reflect  .   c - +0 hat
rElec   .          Harm     +   (no cloak)
rCorr   .          Rampage  +   (no gloves)
Will    .....                   (no boots)
Stlth   ..........              (no amulet)
HPRegen 0.10/turn               i - +6 ring of intelligence
MPRegen 0.08/turn               (no ring)

@: no status effects
A: horns 2, retaliatory headbutt
a: no special abilities


You were on level 3 of the Dungeon.
You visited 1 branch of the dungeon, and saw 4 of its levels.

You collected 123 gold pieces.

Inventory:

Hand Weapons
 a - a +0 quarterstaff (weapon)
Missiles
 d - 3 throwing nets {=f!f}
 p - 14 poisoned darts (quivered)
Armour
 c - a +0 hat (worn)
 v - the +1 scale mail of Trumpets (worn) {Harm Rampage rN+}
   (You found it on level 4 of the Dungeon)

   rN:        It protects you from negative energy.
   Harm:      It increases damage dealt and taken.
   Rampage:   It bestows one free step when moving towards enemies.
Jewellery
 i - a +6 ring of intelligence (left hand)
Scrolls
 e - a scroll of enchant armour {unknown}
 f - a scroll of acquirement {unknown}
 h - 3 scrolls of amnesia {unknown}
 j - a scroll of fog {unknown}
 o - a scroll of teleportation {unknown}
 r - 2 scrolls of identify {unknown}
 s - 3 scrolls of holy word {unknown}
 t - a scroll of fear {unknown}
 u - a scroll of blinking {unknown}
Potions
 g - 2 potions of brilliance {unknown}
 k - 2 potions of attraction {unknown}
 l - a potion of lignification {unknown}
 m - a potion of resistance {unknown}
 n - a potion of curing {unknown}
 q - a potion of degeneration {unknown}


   Skills:
 + Level 3.1 Fighting
 * Level 4.6 Staves
 - Level 2.0 Throwing
 + Level 1.5 Armour
 + Level 3.7 Dodging


You had 2 spell levels left.
You didn't know any spells.
Your spell library contained the following spells:

 Spells                   Type           Power      Damage    Failure   Level
 Corpse Rot               Necr/Air       N/A        N/A       86%         2
 Poisonous Vapours        Pois/Air       0%         N/A       86%         2
 Blade Hands              Tmut           0%         N/A       100%        5
 Irradiate                Conj/Tmut      0%         3d14      100%        5
 Dragon Form              Tmut           0%         N/A       100%        7


Dungeon Overview and Level Annotations

Branches:
Dungeon (4/15)
 Temple: D:4-7

Altars:
Cheibriados
Vehumet
Xom

Annotations:
D:4 Edmund


Innate Abilities, Weirdness & Mutations

You have a pair of horns on your head.
You reflexively headbutt those who attack you in melee.


Message History

Drop what? 22/52 slots (_ for help) (? for menu, Esc to quit)
You drop a +0 leather armour.
Okay, then.
HP restored.
There is a stone staircase leading down here.
You climb downwards.
Level annotation: Edmund The ogre shouts!
The ogre hits you with a +0 giant club!
There is a stone staircase leading up here.
The ogre closely misses you.
You climb upwards.
There is a stone staircase leading down here.
Throw: 17 darts (poison)
Press: ? - help, Q - select action, (/) - cycle Shift-Dir - straight line, f - ogre
Aim: an ogre, wielding a +0 giant club (73% to hit)
You throw a poisoned dart. The poisoned dart hits the ogre.
The ogre is poisoned.
The ogre looks more healthy.
Throw: 16 darts (poison)
Press: ? - help, Q - select action, (/) - cycle Shift-Dir - straight line, f/p - ogre
Aim: an ogre, wielding a +0 giant club (moderately wounded, 73% to hit)
You throw a poisoned dart. The poisoned dart hits the ogre.
The ogre is poisoned.
The ogre is moderately wounded.
The ogre hits you with a +0 giant club!
Ouch! That really hurt!
* * * LOW HITPOINT WARNING * * *
Throw: 15 darts (poison)
Press: ? - help, Q - select action, (/) - cycle Shift-Dir - straight line, f/p - ogre
Aim: an ogre, wielding a +0 giant club (moderately wounded, poisoned, 73% to hit)
You throw a poisoned dart. The poisoned dart hits the ogre.
The ogre is moderately wounded.
The ogre hits you but does no damage.
You sock the ogre! Your headbutt misses the ogre.
The ogre is almost dead.
You hit the ogre but do no damage.
The ogre is almost dead.
The ogre hits you with a +0 giant club!
You die...

# #.# #.# #.#..### #.# #.#
#.##.... #.# #.# #....... # #<#
#.# #.....#. ## #.# ###.#
#...#... .## ####.# #...##
#.....#. ..## ##.##.##
#.##.###..#....
...####...#..######.#...##....#._
...+........(..O@........#..#....
...####...##.######.#....#.....#.
...## ##.#...................#...
.#.(######.#.##..##.###.###....#.
..#.....##.#.##..##.###.# ##.....
#........#.#.##..##...#.# ##....
#..##.##.....##..####.#.# #####
#...#.#....####.....^...# #.
#.#.....#..# ##.####.### ##.


You could see an ogre (poisoned).

Vanquished Creatures
  3 adders (D:2)
  An orc (D:3)
  3 endoplasms (D:3)
  4 goblins
  4 hobgoblins
  6 kobolds
  2 ball pythons
  4 bats
  4 frilled lizards
  2 rats (D:1)
33 creatures vanquished.

Vanquished Creatures (others)
  2 adders (D:3)
  A dart slug (D:3)
  2 orcs (D:3)
  A giant cockroach (D:3)
  A goblin (D:3)
  A hobgoblin (D:3)
  A frilled lizard (D:3)
  A rat (D:3)
10 creatures vanquished.

Grand Total: 43 creatures vanquished

Notes
Turn   | Place    | Note
-------+----------+-------------------------------------------
     0 | D:1      | wakim the Minotaur Gladiator began the quest for the Orb.
     0 | D:1      | Reached XP level 1. HP: 18/18 MP: 0/0
   257 | D:1      | You fall into a shaft and drop 1 floor!
   329 | D:2      | Reached XP level 2. HP: 25/25 MP: 1/1
   365 | D:2      | Reached skill level 4 in Staves
   642 | D:2      | Reached skill level 1 in Armour
   875 | D:2      | Reached XP level 3. HP: 23/30 MP: 2/2
  1317 | D:2      | Found a faded altar of an unknown god.
  1429 | D:3      | Found a shimmering altar of Xom.
  1478 | D:3      | Found a snail-covered altar of Cheibriados.
  1756 | D:3      | Found a radiant altar of Vehumet.
  2576 | D:1      | You fall into a shaft and drop 1 floor!
  3073 | D:4      | Noticed an ogre
  3110 | D:4      | Identified the +1 scale mail of Trumpets {Harm Rampage rN+}
  3113 | D:4      | Noticed Edmund
  3206 | D:3      | Mangled by an ogre

Illustrated notes

Levels and vault maps discovered:
D:1:      dpeg_arrival_arbitrary_b, layout_loops_ring
D:2:      layout_basic, basic_ecumenical_altar, serial_bayou_lagoon_a,
          serial_bayou_pond_d
D:3:      layout_loops_corners, nicolae_vehumet_radiance, xom_confusion_cloud,
          mainiacjoe_overflow_small_starburst
D:4:      layout_loops_ring, minmay_temple_entry_stoned_glass, uniq_edmund

Skill      XL: |  1  2  3 |
---------------+----------+-----
Staves         | 4 |  4.6
Armour         | 1 |  1.5
Fighting       | 3 |  3.1
Throwing       | |  2.0
Dodging        | |  3.7

Action                   || total
-------------------------++-------
Melee: Quarterstaff      ||    67
       Headbutt          ||     6
Throw: Dart              ||     3
Armor: Leather armour    ||    10
       Scale mail        ||     1
Dodge: Dodged            ||    39

Table legend: (Time is in decaauts)
 A = Elapsed time spent in this place.
 B = Non-inter-level travel time spent in this place.
 C = Inter-level travel time spent in this place.
 D = Time resting spent in this place.
 E = Time spent auto-exploring this place.
 F = Levels seen in this place.
 G = Mean time per level.
                   A        B        C        D        E       F      G
               +--------+--------+--------+--------+--------+-----+--------+
         Total |   3230 |   2984 |    246 |      0 |   2657 |   4 |  807.5 |
       Dungeon |   3230 |   2984 |    246 |      0 |   2657 |   4 |  807.5 |
               +--------+--------+--------+--------+--------+-----+--------+

Top non-repeatable levels by time:
     D:3: 1282 daAuts
     D:2: 1159 daAuts
     D:1: 765 daAuts
     D:4: 23 daAuts
